 Dungeon Crawl Stone Soup version 0.23.2-1-ga50397a (webtiles) character file.

Game seed: 14644514915671330178

91 IBeShadow the Firebug (level 4, -1/33 HPs)
             Began as a Draconian Fire Elementalist on June 1, 2019.
             Killed from afar by Natasha (8 damage)
             ... with a magic dart
             ... on level 2 of the Dungeon.
             The game lasted 00:02:51 (1399 turns).

IBeShadow the Firebug (Draconian Fire Elementalist) Turns: 1399, Time: 00:02:51

Health: -1/33      AC:  5    Str: 10    XL:     4   Next: 34%
Magic:  0/7        EV: 12    Int: 16    God:
Gold:   44         SH:  6    Dex: 12    Spells: 4/7 levels left

rFire    . . .     SeeInvis .   f - +0 short sword
rCold    . . .     Gourm    .   e - +2 buckler
rNeg     . . .     Faith    .   (armour unavailable)
rPois    .         Spirit   .   (helmet restricted)
rElec    .         Reflect  .   (no cloak)
rCorr    .         Harm     .   (no gloves)
MR       .....                  (no boots)
Stlth    ++........             (no amulet)
HPRegen  0.11/turn              (no ring)
MPRegen  0.10/turn              (no ring)

@: no status effects
A: unfitting armour, cold-blooded, AC +5
a: no special abilities


You were on level 2 of the Dungeon.
You were not hungry.

You visited 1 branch of the dungeon, and saw 2 of its levels.

You collected 44 gold pieces.

Inventory:

Hand Weapons
 f - a +0 short sword (weapon)
Armour
 e - a +2 buckler (worn)
Scrolls
 d - a scroll of remove curse
 h - a scroll of immolation {unknown}
Potions
 a - a potion of lignification {unknown}
 c - 2 potions of heal wounds {unknown}
Comestibles
 b - 4 rations
 g - 3 chunks of flesh


   Skills:
 - Level 1.7 Dodging
 - Level 1.7 Stealth
 * Level 2.6 Shields
 - Level 2.2 Spellcasting
 + Level 2.0 Conjurations
 + Level 3.6 Fire Magic


You had 4 spell levels left.
You knew the following spells:

 Your Spells              Type           Power        Failure   Level  Hunger
a - Flame Tongue          Conj/Fire      ##...        8%          1    #......
b - Throw Flame           Conj/Fire      ##....       11%         2    ###....

Your spell library contained the following spells:

 Spells                   Type           Power        Failure   Level  Hunger
 Conjure Flame            Conj/Fire      ##......     22%         3    ###....
 Inner Flame              Hex/Fire       #.......     34%         3    ###....
 Sticky Flame             Conj/Fire      ##......     58%         4    #####..
 Fireball                 Conj/Fire      ##........   90%         5    ######.


Dungeon Overview and Level Annotations

Branches:
Dungeon (2/15)

Altars:

Annotations:
D:2 Natasha


Innate Abilities, Weirdness & Mutations

Your plain brown scales are hard. (AC +5)
You cannot fit into any form of body armour.
You are cold-blooded and may be slowed by cold attacks.


Message History

Confirm with . or Enter, or press ? or * to list all spells.
Aiming: Throw Flame (safe; 11% risk of failure)
Press: ? - help, Shift-Dir - straight line, f/p - Natasha
Aim: Natasha, carrying a wand of random effects (15) (heavily wounded)
The puff of flame hits Natasha.
Natasha is severely wounded.
Natasha stares at you and mumbles some strange words.
You resist with some effort.
You closely miss Natasha.
Natasha is severely wounded.
Natasha barely misses you.
You hit Natasha.
Natasha is almost dead.
Natasha claws you.
* * * LOW HITPOINT WARNING * * *
You hit Natasha.
Natasha is almost dead.
Natasha casts a spell at you. The magic dart hits you!
You die...

...#######.# ###
#.#######.##### >..
#....##........
#.###<##.##.#.###.#
#5....##...........
###.####..(........ ##
#.# ##.#.#.###..
#...###.### #.#.#.# #..
#...@...###.#.#.# #.#
#.>.###h#.##..#.#.###.#
...................##...
###h.#####.##.##........
# #.##.##.##.....
#.##.##.###.)..
#.##...........
#.##....>.###.#
#.##..........#


You could see Natasha.

Vanquished Creatures
  Natasha (D:2)
  3 adders
  2 dart slugs (D:1)
  3 bats
  3 giant cockroaches
  2 goblins (D:2)
  6 hobgoblins
  5 jackals (D:1)
  2 frilled lizards
  5 kobolds
  3 rats
35 creatures vanquished.

Notes
Turn   | Place    | Note
-------+----------+-------------------------------------------
     0 | D:1      | IBeShadow the Draconian Fire Elementalist began the quest
                  | for the Orb.
     0 | D:1      | Reached XP level 1. HP: 14/14 MP: 3/3
   257 | D:1      | Reached XP level 2. HP: 16/20 MP: 5/5
   323 | D:1      | Learned a level 2 spell: Throw Flame
   344 | D:1      | Reached skill level 1 in Shields
   692 | D:1      | Reached XP level 3. HP: 25/26 MP: 6/6
   905 | D:2      | Noticed Natasha
   912 | D:2      | Killed Natasha
  1115 | D:2      | Reached XP level 4. HP: 33/33 MP: 5/7
  1217 | D:2      | Noticed Natasha
  1399 | D:2      | Killed from afar by Natasha

Skill      XL: |  1  2  3  4 |
---------------+-------------+-----
Shields        | 1 2 |  2.6
Conjurations   | 2 |  2.0
Dodging        | |  1.7
Stealth        | |  1.7
Spellcasting   | |  2.2
Fire Magic     | |  3.6

Action                   |  1- 3 |  4- 6 || total
-------------------------+-------+-------++-------
Melee: Short sword       |    64 |    40 ||   104
       Club              |     5 |       ||     5
       Tailslap          |    11 |     3 ||    14
 Cast: Flame Tongue      |    10 |     3 ||    13
       Throw Flame       |       |     5 ||     5
  Use: Scroll            |     1 |       ||     1
 Stab: Sleeping          |     4 |       ||     4
  Eat: Chunk             |     1 |     1 ||     2
Armor: Skin              |    32 |    15 ||    47
Dodge: Dodged            |    59 |    31 ||    90
Block: Buckler           |    24 |    14 ||    38
